Map: Frost LE

Players

Elazer

  • Race: Zerg Zerg
  • League: Grandmaster

PtitDrogo - Winner!

  • Race: Protoss Protoss
  • League: Grandmaster

Event: The PiG Daily 35

VOD

https://www.youtube.com/watch?v=FsC43sBAof0

Description

Time

  • Played on: July 6, 2016, 4:43 p.m.
  • Length: 14:58

All games in this series

Show
View Real Time Build Order
Export as new Build Order

Elazer Zerg 

Build Orders: Hatch First, Lurkers 

Get SALT Encoding   

  12  0:00  Drone  
  13  0:12  Overlord  
  13  0:18  Drone  
  14  0:31  Drone x2  
  14  0:34  Drone  
  17  0:52  Hatchery  
  17  0:54  Drone  
  17  0:57  Drone  
  18  1:08  Extractor  
  17  1:12  Spawning Pool  
  17  1:16  Drone  
  17  1:21  Drone  
  18  1:28  Drone  
  19  1:42  Overlord  
  19  1:52  Drone  
  20  2:00  Drone  
  21  2:02  Queen  
  21  2:04  Queen, Zergling x2  
  26  2:08  Metabolic Boost  
  26  2:10  Drone  
  26  2:15  Drone  
  28  2:21  Drone  
  29  2:29  Drone  
  30  2:31  Drone  
  30  2:37  Drone  
  32  2:44  Hatchery  
  31  2:47  Pneumatized Carapace  
  32  2:51  Zergling x2  
  32  2:57  Overlord  
  32  2:59  Drone  
  32  3:00  Drone  
  34  3:06  Drone  
  34  3:09  Drone  
  36  3:16  Drone x5  
  36  3:18  Drone  
  42  3:27  Overlord  
  42  3:34  Queen  
  42  3:38  Overlord  
  44  3:45  Drone  
  44  3:46  Drone  
  45  3:50  Extractor, Roach Warren  
  43  3:56  Zergling x12  
  49  4:07  Drone x2  
  49  4:09  Drone  
  52  4:10  Spine Crawler  
  51  4:17  Overlord  
  51  4:21  Lair  
  51  4:24  Overlord  
  51  4:30  Roach x3  
  51  4:31  Roach x3  
  63  4:33  Roach  
  63  4:35  Roach  
  63  4:38  Drone x2  
  69  4:39  Drone x2  
  69  4:42  Drone  
  72  4:48  Overlord  
  72  4:50  Drone x2  
  73  4:59  Drone x3  
  77  5:00  Drone x2  
  77  5:01  Drone x2  
  77  5:03  Drone  
  77  5:04  Drone  
  78  5:09  Drone  
  78  5:12  Burrow  
  78  5:13  Drone  
  80  5:18  Glial Reconstitution  
  80  5:21  Extractor  
  80  5:23  Extractor  
  80  5:25  Drone x3  
  80  5:28  Drone  
  82  5:32  Hatchery  
  82  5:33  Drone x3  
  84  5:36  Overlord  
  84  5:44  Drone  
  84  5:45  Drone  
  84  5:47  Drone  
  84  5:48  Extractor, Hydralisk Den  
  85  5:50  Drone x3  
  85  5:54  Hatchery, Overlord  
  85  5:56  Extractor, Drone  
  87  5:57  Drone x3  
  87  6:03  Roach x3  
  96  6:08  Drone  
  96  6:10  Evolution Chamber  
  96  6:11  Overlord  
  96  6:13  Drone x3  
  99  6:23  Roach x3  
  104  6:26  Lurker Den  
  104  6:27  Overlord  
  104  6:31  Overlord  
  104  6:42  Overlord  
  104  6:43  Roach x5  
  104  6:45  Zerg Missile Weapons Level 1  
  113  6:51  Overlord  
  113  6:52  Roach  
  113  6:53  Roach x6  
  127  7:02  Overlord  
  127  7:03  Overlord x2  
  127  7:07  Roach x6  
  139  7:14  Overlord x2  
  139  7:19  Roach x5  
  149  7:25  Ravager x3  
  149  7:26  Ravager x2  
  149  7:27  Ravager  
  149  7:28  Zergling x8  
  149  7:29  Ravager  
  160  7:32  Queen  
  160  7:34  Ravager  
  163  7:37  Zergling x2  
  163  7:38  Zergling x10  
  169  7:45  Ravager  
  169  7:48  Hydralisk x2  
  169  7:49  Hydralisk  
  169  7:50  Overlord x2  
  176  8:02  Roach x2  
  176  8:05  Drone x6, Extractor  
  181  8:06  Muscular Augments  
  181  8:07  Extractor  
  181  8:08  Overseer  
  181  8:12  Hydralisk x4  
  184  8:25  Overlord  
  178  8:40  Lurker x3  
  179  8:44  Lurker x2  
  179  8:45  Zergling x28  
  179  8:46  Zergling x6  
  198  8:48  Zerg Missile Weapons Level 2  
  198  8:49  Hatchery  
  197  8:59  Drone  
  197  9:00  Drone x2  
  200  9:03  Spore Crawler  
  200  9:05  Overseer  
  199  9:11  Spore Crawler  
  169  9:37  Hydralisk x9  
  154  9:40  Hydralisk  
  154  9:41  Hydralisk x9  
  162  9:58  Hydralisk x2  
  162  9:59  Hydralisk x6  
  140  10:00  Zergling x2  
  140  10:03  Lurker x2  
  143  10:08  Lurker, Zergling x2  
  143  10:09  Zergling x8  
  149  10:14  Drone x2  
  149  10:16  Hydralisk x2  
  149  10:21  Hydralisk x2  
  155  10:23  Lurker  
  155  10:24  Lurker  
  155  10:26  Overseer  
  159  10:47  Zergling x14  
  159  10:48  Zergling x8  
  167  10:53  Overseer  
  167  10:57  Lurker x3  
  167  10:58  Lurker x2, Overlord x2  
  155  11:04  Hydralisk x6  
  163  11:13  Hydralisk x3  
  166  11:22  Hydralisk x4  
  172  11:32  Zergling x16  
  164  11:33  Zergling x18  
  159  11:44  Hydralisk x5  
  147  11:58  Hydralisk  
  147  11:59  Hydralisk x5  
  136  12:08  Hydralisk x3  
  136  12:09  Hydralisk x2  
  136  12:13  Lurker  
  146  12:18  Overseer  
  146  12:19  Lurker  
  146  12:20  Lurker x2  
  146  12:27  Hydralisk  
  146  12:28  Hydralisk x4  
  128  12:30  Hydralisk  
  128  12:32  Zergling x12  
  121  12:46  Hydralisk x4  
  117  12:56  Drone x3  
  117  12:57  Lurker x3  
  122  13:01  Hydralisk  
  124  13:20  Hydralisk x4  
  124  13:21  Hydralisk x2  
  124  13:25  Zergling x4  
  138  13:33  Lurker x2  
  137  13:36  Zergling x2  
  137  13:37  Zergling x10  
  137  13:39  Lurker  
  144  13:46  Lurker  
  146  13:48  Lurker  
  146  14:02  Hydralisk x7  
  137  14:15  Hydralisk x3  
  137  14:16  Hydralisk  
  145  14:19  Zergling x2  
  145  14:20  Zergling x12  
Show
View Real Time Build Order
Export as new Build Order

PtitDrogo Protoss - Winner!

Build Orders: 1 Gate Expand 

Get SALT Encoding   

  12  0:01  Probe (Chrono Boost)  
  13  0:11  Probe (Chrono Boost)  
  14  0:17  Pylon  
  14  0:22  Probe (Chrono Boost)  
  16  0:35  Probe (Chrono Boost)  
  16  0:38  Gateway  
  16  0:46  Probe (Chrono Boost)  
  16  0:48  Assimilator  
  17  0:56  Probe (Chrono Boost)  
  18  1:07  Probe (Chrono Boost)  
  19  1:21  Nexus  
  19  1:24  Probe (Chrono Boost)  
  20  1:33  Cybernetics Core  
  20  1:36  Probe (Chrono Boost)  
  21  1:41  Assimilator  
  21  1:47  Probe (Chrono Boost)  
  22  1:53  Pylon  
  22  1:57  Probe (Chrono Boost)  
  23  2:10  Warp Gate  
  23  2:11  Probe, Stalker (Chrono Boost)  
  26  2:23  Probe  
  26  2:28  Twilight Council  
  27  2:33  Probe (Chrono Boost)  
  27  2:35  Probe (Chrono Boost)  
  29  2:37  Adept (Chrono Boost)  
  31  2:45  Probe (Chrono Boost)  
  31  2:47  Probe (Chrono Boost)  
  33  2:55  Probe (Chrono Boost)  
  33  2:57  Probe (Chrono Boost)  
  35  3:04  Probe (Chrono Boost), Adept, Resonating Glaives (Chrono Boost)  
  37  3:08  Probe  
  39  3:13  Gateway  
  39  3:15  Probe, Gateway  
  40  3:20  Probe  
  40  3:24  Pylon  
  40  3:26  Probe  
  41  3:31  Adept  
  41  3:32  Probe  
  45  3:36  Probe  
  46  3:45  Probe  
  46  3:46  Mothership Core  
  49  3:57  Probe, Nexus  
  49  3:59  Pylon  
  50  4:05  Probe  
  50  4:09  Probe  
  52  4:16  Probe  
  52  4:17  Adept x3  
  54  4:21  Probe  
  54  4:24  Pylon  
  60  4:26  Probe  
  60  4:30  Assimilator  
  61  4:32  Assimilator  
  61  4:33  Probe  
  61  4:34  Robotics Facility  
  62  4:40  Probe  
  63  4:45  Probe  
  63  4:48  Sentry x3  
  70  5:04  Probe  
  70  5:05  Probe  
  70  5:08  Probe  
  70  5:11  Forge  
  71  5:14  Probe  
  71  5:17  Probe  
  71  5:18  Sentry x2  
  71  5:19  Probe  
  78  5:25  Probe  
  78  5:26  Observer (Chrono Boost)  
  80  5:28  Pylon  
  80  5:29  Probe  
  80  5:31  Probe, Pylon  
  80  5:35  Blink, Probe  
  82  5:41  Probe  
  82  5:42  Immortal (Chrono Boost)  
  84  5:43  Probe  
  84  5:44  Phoenix  
  84  5:46  Assimilator  
  84  5:47  Probe, Protoss Ground Weapons Level 1 (Chrono Boost), Assimilator  
  90  5:53  Probe  
  90  5:55  Probe, Stalker, Pylon  
  94  5:59  Probe  
  94  6:04  Gateway x2  
  95  6:05  Gateway  
  95  6:06  Probe  
  95  6:07  Probe  
  95  6:08  Gateway  
  97  6:11  Probe  
  97  6:18  Probe  
  99  6:20  Probe  
  99  6:23  Probe  
  99  6:24  Immortal  
  101  6:30  Probe  
  106  6:35  Pylon, Robotics Bay  
  106  6:37  Pylon  
  102  6:40  Pylon  
  102  6:42  Pylon  
  102  6:48  Stalker x3  
  102  6:52  Gateway  
  108  6:54  Photon Cannon  
  108  6:56  Pylon  
  108  7:00  Pylon  
  108  7:05  Stalker x3  
  108  7:06  Stalker, Gateway  
  108  7:07  Immortal  
  116  7:08  Pylon  
  116  7:14  Stalker  
  122  7:21  Robotics Facility  
  122  7:27  Stalker x2  
  122  7:29  Protoss Ground Weapons Level 2 (Chrono Boost), Stalker  
  128  7:33  Stalker  
  128  7:35  Stalker  
  132  7:53  Observer, Stalker x6  
  132  7:58  Photon Cannon  
  135  8:14  Stalker x2  
  135  8:17  Stalker  
  135  8:18  Probe x2  
  141  8:22  Probe  
  139  8:30  Probe, Disruptor  
  140  8:34  Disruptor  
  140  8:36  Probe x2  
  148  8:46  Probe  
  149  9:01  Photon Cannon, Disruptor  
  149  9:02  Pylon  
  152  9:10  Colossus  
  158  9:22  Stalker, Pylon  
  158  9:23  Stalker x3  
  139  9:42  Stalker x2  
  139  9:43  Stalker x3  
  143  9:54  Stalker  
  143  9:55  Stalker  
  143  9:58  Disruptor  
  135  10:00  Probe x3  
  135  10:03  Pylon, Disruptor  
  144  10:07  Pylon  
  144  10:09  Pylon  
  144  10:11  Pylon  
  144  10:12  Protoss Ground Weapons Level 3 (Chrono Boost)  
  144  10:20  Stalker x2, Nexus  
  148  10:22  Pylon x2  
  148  10:27  Stalker x4  
  148  10:28  Stalker  
  154  10:45  Disruptor  
  153  11:16  Stalker x4, Disruptor  
  159  11:29  Disruptor  
  147  11:37  Pylon  
  143  11:46  Probe x2  
  135  11:48  Disruptor  
  114  12:04  Disruptor  
  103  12:09  Stalker x7  
  103  12:10  Stalker  
  117  12:16  Photon Cannon  
  117  12:19  Disruptor  
  111  12:40  Disruptor  
  108  12:54  Assimilator x2  
  108  12:55  Stalker x8  
  108  12:56  Observer  
  127  13:01  Photon Cannon  
  127  13:04  Photon Cannon  
  125  13:06  Charge  
  125  13:07  Photon Cannon  
  121  13:22  Stalker x2  
  121  13:23  Stalker  
  127  13:36  Disruptor  
  127  13:41  Photon Cannon, Disruptor  
  130  13:43  Photon Cannon  
  130  13:44  Photon Cannon  
  130  13:46  Zealot x4, Photon Cannon  
  141  14:07  Disruptor  
  141  14:14  Zealot x5  
  141  14:16  Disruptor  
  150  14:35  Stalker x4  
Tags
 
Add a new tag
Caveats
  • Supply blocks, unpowered buildings, or Contaminate may cause inaccurate times.
  • Supply counts are checked every 10 seconds.